Map: Central Protocol

Players

lIlIlIlIlIlI - Winner!

  • Race: Protoss Protoss
  • League: Grandmaster

Miszu

  • Race: Terran Terran
  • League: Grandmaster

VOD

Have the link to the VOD?

Description

Time

  • Played on: Feb. 22, 2016, 6:49 p.m.
  • Length: 11:19
Show
View Real Time Build Order
Export as new Build Order

lIlIlIlIlIlI Protoss - Winner!

Build Orders: 1 Gate Expand, Blink Stalkers 

Get SALT Encoding   

  12  0:00  Probe (Chrono Boost)  
  13  0:11  Probe (Chrono Boost)  
  14  0:21  Pylon  
  14  0:22  Probe (Chrono Boost)  
  15  0:40  Gateway, Probe (Chrono Boost)  
  16  0:50  Probe (Chrono Boost)  
  16  0:54  Assimilator  
  17  1:01  Probe (Chrono Boost)  
  19  1:11  Probe (Chrono Boost)  
  19  1:22  Probe (Chrono Boost)  
  19  1:25  Nexus  
  20  1:34  Cybernetics Core  
  20  1:36  Probe (Chrono Boost)  
  21  1:45  Assimilator  
  22  1:47  Probe (Chrono Boost)  
  22  1:50  Pylon  
  22  1:57  Probe (Chrono Boost)  
  23  2:08  Probe (Chrono Boost)  
  23  2:11  Adept (Chrono Boost)  
  23  2:12  Warp Gate  
  26  2:19  Probe  
  27  2:28  Twilight Council  
  27  2:32  Probe  
  27  2:35  Probe (Chrono Boost)  
  29  2:39  Stalker (Chrono Boost)  
  29  2:44  Probe (Chrono Boost)  
  32  2:48  Probe (Chrono Boost)  
  33  2:55  Probe (Chrono Boost)  
  33  2:57  Probe (Chrono Boost)  
  35  3:04  Blink (Chrono Boost)  
  35  3:05  Probe  
  36  3:07  Probe  
  37  3:17  Probe  
  37  3:18  Pylon  
  38  3:20  Robotics Facility  
  38  3:21  Probe  
  39  3:29  Probe  
  40  3:35  Gateway  
  40  3:36  Assimilator, Probe  
  40  3:37  Assimilator  
  41  3:41  Probe  
  41  3:46  Probe  
  43  3:53  Probe  
  44  3:57  Gateway, Probe  
  45  4:06  Probe  
  45  4:07  Probe  
  45  4:08  Observer (Chrono Boost)  
  46  4:17  Stalker  
  46  4:18  Probe x2  
  46  4:22  Nexus  
  46  4:24  Pylon  
  50  4:28  Observer (Chrono Boost), Probe  
  50  4:30  Probe  
  53  4:39  Probe  
  53  4:42  Probe  
  53  4:44  Stalker x2  
  59  4:49  Observer (Chrono Boost), Probe  
  61  4:54  Probe  
  61  4:56  Pylon  
  61  4:59  Pylon  
  62  5:01  Pylon, Resonating Glaives  
  62  5:12  Probe  
  67  5:14  Sentry, Mothership Core, Warp Prism (Chrono Boost)  
  67  5:19  Sentry, Stalker  
  73  5:23  Probe  
  74  5:32  Probe  
  74  5:33  Probe  
  74  5:35  Probe  
  77  5:39  Gateway  
  77  5:41  Gateway  
  77  5:42  Gateway  
  77  5:43  Probe  
  77  5:44  Probe  
  77  5:48  Probe  
  80  5:53  Observer (Chrono Boost), Probe  
  80  5:54  Probe  
  82  5:58  Gateway  
  82  6:00  Gateway  
  82  6:06  Stalker x2  
  82  6:07  Stalker  
  82  6:11  Pylon  
  88  6:16  Observer (Chrono Boost)  
  88  6:17  Pylon  
  89  6:20  Pylon  
  89  6:22  Probe x2  
  89  6:23  Probe  
  92  6:30  Forge x2  
  92  6:33  Adept x2  
  92  6:34  Adept  
  92  6:38  Adept x3  
  100  6:43  Observer (Chrono Boost)  
  97  6:50  Assimilator  
  97  6:51  Assimilator  
  97  6:57  Stalker x3  
  103  7:06  Adept  
  103  7:07  Adept x4  
  113  7:10  Protoss Ground Weapons Level 1 (Chrono Boost), Protoss Ground Armor Level 1 (Chrono Boost)  
  113  7:15  Probe  
  113  7:16  Probe  
  113  7:21  Adept x2  
  117  7:27  Pylon  
  117  7:28  Immortal (Chrono Boost)  
  117  7:29  Pylon  
  109  7:31  Pylon  
  99  7:37  Stalker x4  
  99  7:38  Stalker x2  
  105  7:49  Probe, Assimilator  
  105  7:50  Assimilator  
  108  7:58  Templar Archives  
  108  8:04  Adept x4  
  108  8:05  Adept x4  
  120  8:25  Stalker x2  
  120  8:26  Stalker x5  
  134  8:27  Stalker  
  130  8:40  Immortal  
  122  8:49  Stalker x3  
  122  8:50  Adept x4, Stalker  
  137  9:12  Adept x2  
  137  9:15  Pylon  
  141  9:24  Pylon x2  
  141  9:33  Immortal  
  143  9:44  Adept x5  
  143  9:45  Adept x3  
  145  9:46  Adept x3  
  145  9:50  Pylon  
  147  9:56  Pylon x2  
  147  10:00  Pylon  
  147  10:09  Stalker x5, Pylon  
  147  10:11  Pylon  
  155  10:14  Gateway  
  155  10:15  Gateway  
  143  10:28  High Templar  
  143  10:29  High Templar  
  143  10:35  Adept x5  
  157  10:55  Adept x2  
  157  10:56  Adept x3  
  167  11:03  Stalker x2  
Show
View Real Time Build Order
Export as new Build Order

Miszu Terran 

Build Orders: Command Center First (CC), MMM Bio 

Get SALT Encoding   

  12  0:00  SCV  
  13  0:12  SCV  
  14  0:17  Supply Depot  
  14  0:25  SCV  
  15  0:38  SCV  
  16  0:50  SCV  
  17  1:00  Command Center  
  17  1:03  SCV  
  18  1:16  SCV  
  18  1:17  Barracks  
  19  1:28  SCV  
  19  1:31  Barracks  
  20  1:40  SCV  
  20  1:44  Barracks  
  21  1:52  SCV  
  22  2:06  Marine, Orbital Command  
  23  2:12  Orbital Command  
  23  2:19  Marine  
  24  2:24  Marine  
  25  2:31  SCV  
  25  2:34  Marine  
  25  2:36  Refinery  
  27  2:37  Refinery, Marine  
  27  2:38  SCV  
  27  2:42  Marine  
  27  2:43  SCV  
  31  2:51  Supply Depot  
  31  2:54  Marine, SCV  
  31  2:57  Marine  
  33  2:58  SCV  
  33  2:59  Marine  
  35  3:06  SCV  
  35  3:10  SCV  
  37  3:13  Barracks Tech Lab  
  37  3:14  Supply Depot, Marine  
  37  3:17  Marine  
  37  3:18  SCV  
  40  3:22  SCV  
  41  3:30  SCV  
  41  3:31  Marine  
  41  3:32  Marine  
  41  3:33  Stimpack  
  44  3:35  Marine  
  44  3:39  SCV  
  46  3:42  SCV  
  46  3:45  Factory  
  47  3:49  Marine  
  47  3:51  SCV  
  47  3:52  Marine  
  51  3:55  SCV  
  51  3:56  Refinery  
  51  3:57  Engineering Bay  
  51  3:59  Marine  
  52  4:03  SCV  
  52  4:07  Marine  
  54  4:17  Supply Depot  
  54  4:18  Barracks Reactor, Supply Depot  
  54  4:19  Barracks Tech Lab  
  54  4:23  Terran Infantry Weapons Level 1  
  54  4:27  Missile Turret  
  54  4:28  Missile Turret  
  54  4:38  SCV x2  
  54  4:39  Starport, Factory Reactor  
  54  4:45  Marauder x2  
  60  4:49  Supply Depot  
  60  4:50  SCV x2  
  62  4:57  Marine x2  
  64  5:02  SCV x2  
  64  5:03  Barracks  
  66  5:07  Barracks  
  66  5:14  Supply Depot  
  66  5:15  SCV x2  
  66  5:19  Combat Shields  
  68  5:22  Medivac  
  68  5:23  Medivac  
  68  5:24  Marauder  
  68  5:27  SCV  
  68  5:28  SCV  
  76  5:31  Marauder  
  76  5:35  Widow Mine  
  77  5:37  Supply Depot  
  77  5:40  Refinery  
  77  5:42  Supply Depot, Marine  
  80  5:43  Marine  
  80  5:46  SCV  
  80  5:53  Marauder  
  80  5:54  Barracks Tech Lab  
  80  5:55  Barracks Reactor  
  80  5:56  Medivac  
  84  5:58  Marauder  
  85  6:07  Marine  
  85  6:08  Widow Mine  
  85  6:11  Supply Depot  
  88  6:14  Marine  
  88  6:15  Supply Depot, Marauder  
  88  6:16  Marine  
  92  6:19  Marauder  
  92  6:24  Medivac  
  96  6:33  Medivac  
  96  6:34  Marine x2, Marauder  
  96  6:35  Marine  
  96  6:36  Marauder, Widow Mine  
  95  6:48  Marauder  
  95  6:50  Marine  
  95  6:52  Marine  
  99  6:55  Marauder  
  99  6:58  Marauder  
  103  7:08  Marine x2, Medivac  
  105  7:09  Medivac, Marauder  
  105  7:12  Marine x2  
  113  7:17  Marauder  
  113  7:19  Marauder  
  108  7:26  Reaper  
  98  7:30  Marine  
  98  7:31  Marauder  
  98  7:34  Marine  
  98  7:36  Marine  
  94  7:38  Marauder  
  94  7:41  Marauder  
  94  7:43  Medivac  
  98  7:46  Widow Mine  
  100  7:59  Marine  
  100  8:00  Marauder  
  100  8:05  Marine  
  104  8:06  Marauder  
  104  8:11  Marauder  
  108  8:15  Marine, Widow Mine  
  109  8:20  Concussive Shells  
  109  8:21  Marauder  
  109  8:26  Marine, SCV  
  113  8:28  Marauder  
  113  8:32  Marauder  
  112  8:38  Marine  
  112  8:39  Marine x2  
  106  8:42  Marauder  
  106  8:43  Medivac  
  110  8:49  Marauder  
  110  8:52  Widow Mine  
  110  8:53  Marauder  
  116  9:04  Marauder  
  118  9:30  Marine  
  118  9:31  Marine  
  118  9:33  Marine x2  
  118  9:35  Medivac  
  117  9:44  Marauder  
  117  9:48  Marine  
  117  9:51  Marine  
  117  9:52  Marine  
  118  9:55  Marine  
  117  10:06  Marine  
  118  10:14  Marine  
  118  10:15  Marine  
  118  10:16  Marauder, Widow Mine  
  117  10:27  Marine  
  118  10:40  Marauder  
  118  10:41  Marine x2  
  118  10:43  Marauder  
  118  10:54  Supply Depot, Marine x2  
  118  10:55  Marauder  
  118  10:56  Supply Depot  
  118  10:59  Marine  
Tags
 
Add a new tag
Caveats
  • Supply blocks, unpowered buildings, or Contaminate may cause inaccurate times.
  • Supply counts are checked every 10 seconds.